AoeStats
← shminky

Lombardia

509022769Analyzed
2v2 RM · 8d ago on Sep 25, 2026· 43m 52s· 4 players
Game mode
Random Map
Map size
Medium (4 player)
Population
200
Speed
Normal
Resources
Standard
Victory
Conquest
Starting age
Dark Age
Ending age
Imperial Age
RankedLock teamsTeams togetherTeam positionsShared explorationLock speedFull tech treeHidden civsTurbo modeCheats
Victory
Defeat
🇦🇷 Maya · Argentina
934
+16
🇦🇷 Spanish · Argentina
932
+16
🇨🇳 Franks · China
945
-16
🇦🇺 Celts · Australia
930
-16
shminky
8:08 Loom
9:56 Feudal Age
20:19 Castle Age
20:19 Forging
21:09 Double-Bit Axe
21:07 Horse Collar
23:24 Bow Saw
24:05 Town Watch
24:56 Wheelbarrow
32:29 Heavy Plow
32:44 Pikeman
38:45 Imperial Age
36:56 Stone Mining
37:13 Stronghold
37:28 Gold Mining
38:18 Scale Barding Armor
38:36 Fletching
笨手笨脚还爱玩
1:30 Loom
12:39 Feudal Age
17:54 Castle Age
17:17 Scale Barding Armor
17:05 Double-Bit Axe
22:38 Padded Archer Armor
22:29 Fletching
27:09 Scale Barding Armor
27:15 Forging
27:33 Ballistics
30:57 Wheelbarrow
30:32 Fletching
32:49 Chain Barding Armor
37:10 Hand Cart
39:05 Husbandry
42:29 Imperial Age
40:37 Iron Casting
40:45 Masonry
40:30 Elite Skirmisher
43:36 Conscription
42:55 Cavalier
44:06 Bow Saw
Cuakiecosa
9:44 Loom
11:30 Feudal Age
21:13 Castle Age
21:24 Scale Mail Armor
21:35 Forging
24:38 Scale Barding Armor
26:14 Chain Barding Armor
30:59 Iron Casting
32:24 Bloodlines
35:09 Double-Bit Axe
36:41 Wheelbarrow
36:45 Pikeman
41:20 Chain Mail Armor
jefe gorgojo
0:26 Loom
9:51 Feudal Age
10:20 Double-Bit Axe
16:30 Horse Collar
16:44 Gold Mining
17:38 Fletching
21:52 Castle Age
20:33 Forging
21:58 Crossbowman
22:34 Bodkin Arrow
22:41 Padded Archer Armor
22:55 Bow Saw
22:16 Pikeman
23:49 Stone Mining
24:20 Thumb Ring
25:31 Leather Archer Armor
25:36 Town Watch
27:54 Ballistics
28:12 Wheelbarrow
30:47 Hand Cart
35:43 Imperial Age
37:05 Bracer
36:27 Arbalester
38:38 Conscription
38:52 Ring Archer Armor
38:22 Scale Mail Armor
42:38 Iron Casting
45:08 Chemistry
Connection lost

Rejoining the realm…

Still unreachable

The connection could not be restored.

Session expired

The server has moved on; the page needs a fresh start.